 Dungeon Crawl Stone Soup version 0.31-a0-640-g39d97e502b (webtiles) character file.

Game seed: 6553492276397528100

12861 bjtr the Geomancer (level 12, -6/64 HPs)
             Began as a Gargoyle Earth Elementalist on Aug 29, 2023.
             Was a Priest of Vehumet.
             Mangled by a polar bear (18 damage)
             ... on level 12 of the Dungeon.
             The game lasted 00:57:36 (11195 turns).

bjtr the Geomancer (Gargoyle Earth Elementalist)   Turns: 11195, Time: 00:57:39

Health: -6/64      AC: 25    Str: 13    XL:     12   Next: 0%
Magic:  21/25      EV: 16    Int: 20    God:    Vehumet [***...]
Gold:   513        SH:  0    Dex: 10    Spells: 7/29 levels left

rFire   . . .        a - +7 scimitar of Dexkot {flame, rPois rC+}
rCold   + . .        G - orb {*channel}
rNeg    + . .        F - +0 acid dragon scales
rPois   ∞            q - +1 helmet
rElec   +            s - scarf {repulsion}
rCorr   +            Z - +0 pair of gloves
SInv    .            p - +1 pair of boots
Will    .....        (no amulet)
Stlth   ++           h - +5 ring of evasion
HPRegen 0.30/turn    P - +4 ring of protection
MPRegen 0.19/turn

%: repel missiles, channel magic (20%)
@: no status effects
A: sickness immunity, AC +8, negative energy resistance 1, electricity
resistance, torment resistance 1, petrification resistance
a: Renounce Religion


You were on level 12 of the Dungeon.
You worshipped Vehumet.
Vehumet was most pleased with you.
You visited 1 branch of the dungeon, and saw 14 of its levels.

You collected 738 gold pieces.
You spent 225 gold pieces at shops.

Inventory:

Hand Weapons
 a - the +7 scimitar of Dexkot (weapon) {flame, rPois rC+}
   (You bought it in a shop on level 3 of the Dungeon)

   rC+:       It protects you from cold.
   rPois:     It protects you from poison
 x - a +0 broad axe
 H - a +2 short sword of distortion
 U - a +5 orcbow of flaming
Missiles
 y - 5 javelins
 A - 19 poisoned darts (quivered)
 D - a throwing net
 L - 3 datura-tipped darts
Armour
 f - a +4 ring mail of cold resistance
 p - a +1 pair of boots (worn)
 q - a +1 helmet (worn)
 s - a scarf of repulsion (worn)
 F - +0 acid dragon scales (worn)
 G - an orb of energy (worn)
 Z - a +0 pair of gloves (worn)
Jewellery
 d - a ring of wizardry
 h - a +5 ring of evasion (left hand)
 i - a +5 ring of evasion
 C - the ring "Coexkim" {rC+ Dex+3}
   (You found it on level 10 of the Dungeon)

   [ring of protection from cold]

   Dex+3:     It affects your dexterity (+3).
   rC+:       It protects you from cold.
 J - a ring of protection from fire
 P - a +4 ring of protection (right hand)
 Q - an amulet of faith
 S - a ring of protection from cold
 V - a ring of magical power
Wands
 o - a wand of acid (14)
 v - a wand of polymorph (5)
 E - a wand of iceblast (8)
 X - a wand of charming (5)
Scrolls
 g - a scroll of amnesia
 k - a scroll of identify
 t - 2 scrolls of blinking
 u - 2 scrolls of torment
 w - 2 scrolls of revelation
 B - 6 scrolls of teleportation
 I - a scroll of immolation
 K - a scroll of enchant weapon
 W - 2 scrolls of fear
Potions
 b - a potion of magic
 c - a potion of invisibility
 e - 3 potions of mutation
 j - 6 potions of curing
 l - 4 potions of enlightenment
 m - 5 potions of heal wounds
 n - 7 potions of brilliance
 r - a potion of lignification
 z - 2 potions of might
 O - a potion of attraction
 T - a potion of cancellation


   Skills:
 + Level 2.9 Fighting
 - Level 6.3 Long Blades
 + Level 3.6 Armour
 - Level 2.0 Dodging
 + Level 5.2 Stealth
 + Level 9.3 Spellcasting
 * Level 5.1 Conjurations
 - Level 0.7 Transmutations
 * Level 3.0 Fire Magic
 + Level 14.1 Earth Magic
 + Level 1.2 Evocations


You had 7 spell levels left.
You knew the following spells:

 Your Spells              Type           Power      Damage    Failure   Level
a - Sandblast             Erth           100%       2d20      1%          1
b - Passwall              Tmut/Erth      31%        N/A       4%          2
c - Stone Arrow           Conj/Erth      94%        3d12      1%          3
d - Petrify               Tmut/Erth      38%        N/A       14%         4
e - Scorch                Fire           42%        2d6       4%          2
f - Inner Flame           Hex/Fire       15%        N/A       11%         3
g - Flame Wave            Conj/Fire      25%        2d8       11%         4
h - Ignite Poison         Fire/Tmut/Pois 14%        N/A       11%         3

Your spell library contained the following spells:

 Spells                   Type           Power      Damage    Failure   Level
 Static Discharge         Conj/Air       38%        2-4/arc   4%          2
 Dazzling Flash           Conj/Hex       38%        N/A       7%          3
 Volatile Blastmotes      Fire/Tloc      30%        2d12      11%         3
 Sticky Flame             Conj/Fire      25%        2d5       11%         4
 Iskenderun's Mystic Bla  Conj/Tloc      19%        2d6       19%         4
 Slow                     Hex            36%        N/A       26%         1
 Airstrike                Air            4%         2d(1-17)  41%         4
 Confusing Touch          Hex            9%         N/A       54%         3
 Ozocubu's Armour         Ice            9%         N/A       54%         3
 Portal Projectile        Hex/Tloc       18%        N/A       54%         3
 Tukima's Dance           Hex            9%         N/A       54%         3
 Vampiric Draining        Necr           9%         2d6       54%         3
 Starburst                Conj/Fire      12%        6d5       71%         6
 Anguish                  Hex/Necr       4%         N/A       87%         4
 Cause Fear               Hex            4%         N/A       87%         4
 Dispel Undead            Necr           9%         3d8       87%         4
 Summon Lightning Spire   Summ/Air       9%         N/A       87%         4
 Death Channel            Necr           4%         N/A       100%        6
 Enfeeble                 Hex            4%         N/A       100%        7
 Ozocubu's Refrigeration  Ice            4%         4d8       100%        7
 Maxwell's Capacitive Co  Air            4%         ∞         100%        8
 Cigotuvi's Dreadful Rot  Necr/Pois/Air  Unusable   N/A       N/A         2

Dungeon Overview and Level Annotations

Branches:
Dungeon (14/15)            Temple (0/1) D:5            Lair (0/5) D:11
    Orc (0/2) D:9
 Vaults: D:13-14

Altars:
Ashenzari
Cheibriados
Dithmenos
Elyvilon
Gozag
Hepliaklqana
Kikubaaqudgha
Okawaru
Qazlal
Sif Muna
Uskayaw
Vehumet
Wu Jian
Yredelemnul
Zin
The Shining One
Lugonu

Shops:
D:3 (   D:5 :=   D:9 =

Portals:
Abyss: D:6
Ice
Cave: D:12


Innate Abilities, Weirdness & Mutations

You are immune to sickness and miasma.
Your stone body is resilient. (AC +8)
You are immune to poison.
You resist negative energy. (rN+)
You are resistant to electric shocks. (rElec)
You are resistant to unholy torment.
You are immune to petrification.


Message History

The polar bear is almost dead.
The polar bear bites you! The polar bear barely misses you.
The polar bear closely misses you.
You hit the polar bear but do no damage.
The polar bear is almost dead.
The polar bear bites you!!
* * * LOW HITPOINT WARNING * * *
The polar bear barely misses you.
The polar bear claws you but does no damage.
The polar bear bites you but does no damage.
The polar bear completely misses you.
The polar bear claws you but does no damage.
Press: ? - help, v - describe, . - travel
Here: a polar bear (almost dead, berserk)
The floor, spattered with blood.
Unknown command.
Unknown command.
Casting: Scorch (safe; 4% risk of failure)
Confirm with . or Enter, or press ? or * to list all spells.
Aiming: Sandblast (safe; 1% risk of failure)
Press: ? - help, Shift-Dir - straight line, f - polar bear
Aim: a polar bear (almost dead, berserk, 89% to hit)
The blast of sand hits the polar bear!
The polar bear is almost dead.
The polar bear closely misses you.
The polar bear claws you but does no damage.
The polar bear claws you.
* * * LOW HITPOINT WARNING * * *
The polar bear barely misses you. The polar bear misses you.
The polar bear claws you but does no damage.
Unknown command.
Casting: Sandblast (safe; 1% risk of failure)
Confirm with . or Enter, or press ? or * to list all spells.
Aiming: Sandblast (safe; 1% risk of failure)
Press: ? - help, Shift-Dir - straight line, f/p - polar bear
Aim: a polar bear (almost dead, berserk, 89% to hit)
The blast of sand hits the polar bear.
The polar bear is almost dead.
The polar bear bites you!!
You die...

,,,,,,,** *,,..,*
,,*,,,,,******,.h**
,,,,,,,,,,,**,,.##
,,,**,>,,,,****Yh* ,,,,,,,,,,,**
*.#* ,,*,*,,,,,,,*##.#
,**,*,,^,,***#.## ####
,*,,,,,,..,**##h## #...
,***,,,,....####@### #...
,,,,,,,,.....(.[...##### #...
,,,,,,,,......#...##...# ##...
*,,,*,**#....,##.##...?######...#
*,,,,**,....*.#.......##.........
,,**,,,,..#...........##..#..###.
,,**,,,,.*#.....#.....#...##.###.
,,,**,,,,#....(.#..........#..###
*,***,,,,....#...................


You could see a polar bear (berserk).

Vanquished Creatures
  An entropy weaver (shapeshifter) (D:10)
  A boulder beetle (D:12)
  2 two-headed ogres
  A deep elf pyromancer (D:11)
  A manticore (D:12)
  A cyclops (D:10)
  Jeremiah (D:6)
  A gargoyle (D:10)
  2 orange demons (D:12)
  2 komodo dragons (D:11)
  A troll (D:10)
  3 meliai
  Grinder (D:6)
  2 wraiths
  9 yaks
  2 wyverns (D:10)
  3 vampire mosquitoes (D:11)
  Menkaure (D:6)
  2 water moccasins
  An acid dragon (D:11)
  2 ice beasts
  2 orc warriors
  3 black bears
  An ogre (D:7)
  A centaur (D:10)
  3 phantoms
  4 kobold brigands
  8 bullfrogs
  A gnoll sergeant (D:7)
  2 scorpions
  9 wights
  12 killer bees
  3 jellies (D:5)
  A howler monkey (D:6)
  A quasit (D:12)
  4 hounds
  5 orc priests
  3 iguanas
  An iron imp (D:8)
  5 orc wizards
  Terence (D:3)
  A sleepcap (D:7)
  Robin (D:2)
  4 gnolls
  7 adders
  2 white imps (D:6)
  A worm (D:4)
  A dart slug (D:5)
  27 orcs
  5 ball pythons
  3 endoplasms (D:1)
  2 giant cockroaches
  12 goblins
  7 hobgoblins
  4 jackals (D:3)
  2 bats
  3 frilled lizards (D:1)
  18 kobolds
  5 rats
215 creatures vanquished.

Notes
Turn   | Place    | Note
-------+----------+-------------------------------------------
     0 | D:1      | bjtr the Gargoyle Earth Elementalist began the quest for
                  | the Orb.
     0 | D:1      | Reached XP level 1. HP: 10/10 MP: 3/3
   201 | D:1      | Found a faded altar of an unknown god.
   296 | D:1      | Reached XP level 2. HP: 15/15 MP: 3/5
   375 | D:1      | Reached skill level 4 in Earth Magic
  1267 | D:2      | Reached XP level 3. HP: 19/19 MP: 2/6
  1322 | D:2      | Learned a level 2 spell: Passwall
  1326 | D:2      | Learned a level 3 spell: Stone Arrow
  1521 | D:2      | Noticed a phantom
  1526 | D:2      | Killed a phantom
  1527 | D:2      | Reached skill level 5 in Earth Magic
  1527 | D:2      | Reached XP level 4. HP: 12/24 MP: 1/8
  1778 | D:2      | Noticed Robin
  1785 | D:2      | Reached XP level 5. HP: 28/28 MP: 5/9
  1787 | D:2      | Killed Robin
  2033 | D:2      | Learned a level 4 spell: Petrify
  2088 | D:3      | Noticed Terence
  2108 | D:3      | Killed Terence
  2109 | D:3      | Reached skill level 1 in Armour
  2205 | D:3      | Noticed a fire elemental
  2207 | D:3      | Found a stormy altar of Qazlal.
  2208 | D:3      | Noticed an air elemental
  2208 | D:3      | Noticed a water elemental
  2312 | D:3      | Found Qeexydd's Antique Weapon Boutique.
  2345 | D:3      | Found an ornate altar of the Wu Jian Council.
  2855 | D:4      | Found an opulent altar of Gozag.
  2912 | D:4      | Reached XP level 6. HP: 32/32 MP: 7/11
  2973 | D:4      | Found a radiant altar of Vehumet.
  2991 | D:4      | Became a worshipper of Vehumet
  3125 | D:4      | Reached skill level 6 in Earth Magic
  3227 | D:4      | Found a shimmering blue altar of Sif Muna.
  3670 | D:5      | Entered Level 5 of the Dungeon
  3670 | D:5      | Found Jyhyexos's Jewellery Emporium.
  3737 | D:3      | Bought a blackened scimitar for 225 gold pieces
  3737 | D:3      | Identified the +7 scimitar of Dexkot {flame, rPois rC+}
                  | (You bought it in a shop on level 3 of the Dungeon)
  3827 | D:5      | Found a glowing golden altar of the Shining One.
  3827 | D:5      | Found a white marble altar of Elyvilon.
  3828 | D:5      | Found a glowing silver altar of Zin.
  3853 | D:5      | Found a staircase to the Ecumenical Temple.
  3984 | D:5      | Noticed a black bear
  3993 | D:5      | Killed a black bear
  3994 | D:5      | Reached XP level 7. HP: 34/36 MP: 4/13
  4240 | D:5      | Found Aliel's Self-Improvement Boutique.
  4246 | D:5      | Reached skill level 7 in Earth Magic
  4250 | D:5      | Reached skill level 1 in Long Blades
  4629 | D:5      | Found a hazy altar of Hepliaklqana.
  5021 | D:6      | Reached skill level 8 in Earth Magic
  5021 | D:6      | Reached XP level 8. HP: 36/41 MP: 7/15
  5118 | D:6      | Noticed Jeremiah
  5120 | D:6      | Found a broken altar of Ashenzari.
  5149 | D:6      | Noticed Grinder
  5159 | D:6      | Killed Grinder
  5159 | D:6      | Reached * piety under Vehumet
  5159 | D:6      | Offered knowledge of Foxfire by Vehumet.
  5160 | D:6      | Reached skill level 5 in Spellcasting
  5403 | D:6      | Found an iron altar of Okawaru.
  5421 | D:6      | Found a shadowy altar of Dithmenos.
  5463 | D:6      | Reached skill level 9 in Earth Magic
  5582 | D:6      | Found a large runed translucent door.
  5582 | D:6      | Found a large runed translucent door.
  5586 | D:6      | Found a corrupted altar of Lugonu.
  5617 | D:6      | Found a one-way gate to the infinite horrors of the Abyss.
  5764 | D:6      | Noticed Menkaure
  5768 | D:6      | Killed Menkaure
  5794 | D:6      | Reached skill level 10 in Earth Magic
  5821 | D:6      | Found a basalt altar of Yredelemnul.
  5928 | D:6      | Killed Jeremiah
  5929 | D:6      | Reached XP level 9. HP: 45/45 MP: 17/17
  6526 | D:7      | Reached skill level 11 in Earth Magic
  6705 | D:7      | Reached ** piety under Vehumet
  6705 | D:7      | Offered knowledge of Magic Dart by Vehumet.
  7360 | D:7      | Identified the +3 war axe of Nidatara {pain, *Corrode Int+2
                  | Dex+6}
  7431 | D:8      | Found a snail-covered altar of Cheibriados.
  8070 | D:9      | Found Toytu's Jewellery Shoppe.
  8096 | D:9      | Reached XP level 10. HP: 45/50 MP: 20/20
  8119 | D:9      | Found a staircase to the Orcish Mines.
  8286 | D:9      | Noticed a two-headed ogre
  8309 | D:9      | Killed a two-headed ogre
  8310 | D:9      | Reached skill level 5 in Long Blades
  8310 | D:9      | Reached skill level 12 in Earth Magic
  8634 | D:9      | Found a hide-covered altar of Uskayaw.
  8795 | D:9      | Found an ancient bone altar of Kikubaaqudgha.
  9003 | D:10     | Entered Level 10 of the Dungeon
  9381 | D:9      | Reached skill level 1 in Conjurations
  9464 | D:10     | Offered knowledge of Scorch by Vehumet.
  9466 | D:10     | Reached skill level 13 in Earth Magic
  9471 | D:10     | Reached skill level 1 in Fighting
  9501 | D:10     | Reached *** piety under Vehumet
  9502 | D:10     | Reached XP level 11. HP: 42/56 MP: 21/23
  9510 | D:10     | Identified the ring "Coexkim" {rC+ Dex+3}
  9626 | D:10     | Reached skill level 5 in Stealth
  9740 | D:10     | Noticed an entropy weaver
  9742 | D:10     | Noticed a cyclops
  9753 | D:10     | Killed an entropy weaver
  9754 | D:10     | Reached skill level 1 in Evocations
  9755 | D:10     | Killed a cyclops
  9904 | D:10     | Learned a level 2 spell: Scorch
  9908 | D:10     | Learned a level 3 spell: Inner Flame
  9913 | D:10     | Learned a level 4 spell: Flame Wave
 10202 | D:10     | Noticed a two-headed ogre
 10207 | D:10     | Killed a two-headed ogre
 10208 | D:10     | Reached skill level 1 in Fire Magic
 10534 | D:11     | Found a staircase to the Lair.
 10705 | D:11     | Noticed a deep elf pyromancer
 10715 | D:11     | Killed a deep elf pyromancer
 10715 | D:11     | Offered knowledge of Ignite Poison by Vehumet.
 10720 | D:11     | Learned a level 3 spell: Ignite Poison
 11098 | D:11     | You fall into a shaft and drop 3 floors!
 11113 | D:13     | Noticed a tengu warrior
 11162 | D:12     | Noticed a boulder beetle
 11175 | D:12     | Killed a boulder beetle
 11176 | D:12     | Reached skill level 5 in Conjurations
 11176 | D:12     | Reached skill level 14 in Earth Magic
 11176 | D:12     | Noticed a manticore
 11180 | D:12     | Found a frozen archway.
 11188 | D:12     | Killed a manticore
 11189 | D:12     | Reached XP level 12. HP: 47/64 MP: 23/25
 11195 | D:12     | Mangled by a polar bear

Illustrated notes

Levels and vault maps discovered:
D:1:      psy_arrival_statuary, layout_loops_ring, serial_forest,
          infiniplex_forest_lined_room_2, infiniplex_forest_zigzag_1,
          infiniplex_forest_clump_curved, infiniplex_forest_corner_1,
          infiniplex_forest_pool, infiniplex_forest_clump_curved,
          infiniplex_forest_clump_tiny, infiniplex_forest_lined_4_way,
          shapermc_ecumenical_altar_gd, grunt_decor_one_mirror,
          minmay_misc_feat_plants
D:2:      layout_loops_cross, uniq_robin
D:3:      layout_loops_ring, lemuel_round_altar,
          nicolae_qazlal_style_of_elements, serial_shops, shop, uniq_terence
D:4:      layout_basic, amcnicky_altar_gilded, lemuel_coloured_pillars_altar,
          mainiacjoe_overflow_boulevard, kennysheep_generic_room_14
D:5:      layout_basic, good_gods_temple_1, nzn_hepliaklqana_mist_gate,
          minmay_temple_entry_overgrown, nicolae_stop_n_shop_2,
          grunt_decor_resistance, nicolae_shop_self_help
D:6:      due_chaos_kobolds, layout_basic, mainiacjoe_overflow_cross_hatched,
          nicolae_dithmenos_through_a_glass_darkly, old_standard_altar,
          yredelemnul_altar_generic, uniq_grinder, uniq_menkaure, uniq_jeremiah
D:7:      layout_basic
D:8:      layout_basic, slow_altar_1
D:9:      layout_irregular_city, mainiacjoe_overflow_alcove_2,
          nicolae_overflow_crystal_walls, serial_shops, shop
D:10:     layout_gridville, minmay_chambers_of_fives
D:11:     layout_gridville, due_lair_maze_entry_diamond
D:12:     layout_cave_pools, portal_ice_cave_entry_animals_and_master,
          serial_demonic, serial_demonic_f, serial_demonic_g, serial_demonic_f,
          serial_demonic_c, uniq_maurice, uniq_sonja
D:13:     layout_loops_ring, hellmonk_ghost_happy_afterlife,
          small_statue_intersection, nicolae_shop_sticking_my_neck_out,
          uniq_urug
D:14:     layout_roguey, david_vaults_1, nicolae_triple_integral,
          chequers_arboretum, chequers_big_river, uniq_snorg

Skill      XL: |  1  2  3  4  5  6  7  8  9 10 11 |
---------------+----------------------------------+-----
Earth Magic    | 4 5 6 8 10 11 13 14 | 14.1
Dodging        | 2 |  2.0
Spellcasting   | 3 4 5 7 8 9 |  9.3
Armour         | 1 2 3 |  3.6
Stealth        | 3 4 5 |  5.2
Long Blades    | 1 3 4 6 |  6.3
Conjurations   | 2 5 |  5.1
Fighting       | 1 2 |  2.9
Evocations     | 1 |  1.2
Fire Magic     | 3 |  3.0
Transmutations | |  0.7

Action                     |  1- 3 |  4- 6 |  7- 9 | 10-12 || total
---------------------------+-------+-------+-------+-------++-------
  Melee: Mace              |    25 |     1 |       |       ||    26
         Dagger            |       |    20 |       |       ||    20
         Scimitar          |       |     3 |    81 |   151 ||   235
         Punch             |       |       |     1 |       ||     1
  Throw: Dart              |       |       |       |     4 ||     4
   Cast: Sandblast         |    36 |    60 |    98 |    88 ||   282
         Stone Arrow       |       |       |       |     2 ||     2
         Scorch            |       |       |       |     2 ||     2
  Evoke: Wand              |       |       |     5 |    10 ||    15
    Use: Scroll            |     2 |     3 |    11 |    13 ||    29
         Potion            |       |       |     1 |     1 ||     2
   Stab: Sleeping          |       |       |     2 |       ||     2
 Armour: Leather armour    |     9 |    29 |    30 |    82 ||   150
         Acid dragon scale |       |       |       |    41 ||    41
  Dodge: Dodged            |    15 |    46 |   123 |   215 ||   399
         Repelled          |       |       |       |     3 ||     3

Table legend: (Time is in decaauts)
 A = Elapsed time spent in this place.
 B = Non-inter-level travel time spent in this place.
 C = Inter-level travel time spent in this place.
 D = Time resting spent in this place.
 E = Time spent auto-exploring this place.
 F = Levels seen in this place.
 G = Mean time per level.
                   A        B        C        D        E       F      G
               +--------+--------+--------+--------+--------+-----+--------+
         Total |  11389 |  10716 |    673 |   1250 |   7254 |  14 |  813.5 |
       Dungeon |  11389 |  10716 |    673 |   1250 |   7254 |  14 |  813.5 |
               +--------+--------+--------+--------+--------+-----+--------+

Top non-repeatable levels by time:
     D:6: 1301 daAuts
     D:5: 1274 daAuts
     D:1: 1172 daAuts
     D:7: 1159 daAuts
    D:10: 1126 daAuts
     D:9: 1106 daAuts
     D:4: 986 daAuts
     D:8: 901 daAuts
     D:2: 895 daAuts
     D:3: 749 daAuts
    D:11: 610 daAuts
    D:12: 87 daAuts
    D:14: 11 daAuts
    D:13: 6 daAuts
